Map: Traitor's Exile

Players

MonstroTown

  • Race: Terran Terran
  • Spawn Location: 5:00

Michael

  • Race: Zerg Zerg
  • League: Platinum
  • Spawn Location: 6:00

Morgoth

  • Race: Zerg Zerg
  • League: Platinum
  • Spawn Location: 12:00

EquinsuOcha

  • Race: Zerg Zerg
  • League: Diamond
  • Spawn Location: 9:00

VOD

Have the link to the VOD?

Description

Time

  • Played on: Oct. 12, 2018, 11:02 p.m.
  • Length: 11:48
Show
View Real Time Build Order
Export as new Build Order

MonstroTown Terran 

Build Orders:  

Get SALT Encoding   

  12  0:00  SCV  
  13  0:13  SCV  
  14  0:19  Supply Depot  
  14  0:25  SCV  
  15  0:31  Refinery  
  15  0:40  SCV  
  16  0:47  Barracks  
  16  0:52  SCV  
  17  0:58  Refinery  
  17  1:04  SCV  
  18  1:17  SCV  
  19  1:29  SCV  
  20  1:40  Barracks Tech Lab  
  20  1:42  Factory  
  20  1:46  Orbital Command  
  20  1:54  Supply Depot  
  20  2:03  Marauder  
  21  2:11  SCV  
  21  2:15  Concussive Shells  
  22  2:26  Marauder  
  22  2:27  Factory Reactor  
  24  2:30  SCV  
  25  2:42  SCV  
  26  2:44  Armory  
  26  2:57  Marauder  
  28  3:09  Hellion  
  30  3:27  Marauder, Hellion  
  30  3:28  SCV, Supply Depot  
  30  3:31  Hellion  
  37  3:49  Hellion  
  37  3:52  Hellion  
  41  3:57  Marauder  
  43  4:14  Hellion x2  
  43  4:41  Hellion  
  43  4:44  Hellion x2  
  43  4:45  Hellion  
  47  4:46  Hellion x2  
  47  4:51  Marauder  
  47  4:52  Supply Depot  
  49  4:55  Barracks  
  49  4:56  Factory  
  49  5:17  SCV  
  50  5:27  Command Center  
  50  5:29  SCV  
  51  5:41  Widow Mine  
  51  5:42  Widow Mine  
  55  5:55  Barracks Tech Lab, Marauder  
  55  5:56  Factory Reactor  
  57  5:59  Factory Tech Lab  
  57  6:00  Terran Vehicle Weapons Level 1  
  57  6:09  Hellbat x2  
  61  6:19  Supply Depot  
  61  6:31  Thor  
  67  6:34  Hellbat  
  67  6:38  Hellbat  
  71  6:51  Orbital Command  
  71  7:03  Command Center  
  71  7:09  Starport  
  71  7:15  Hellbat  
  73  7:20  SCV  
  73  7:21  SCV  
  75  7:27  Marauder  
  77  7:37  Engineering Bay  
  77  7:50  Marine x2  
  79  7:52  Widow Mine  
  79  7:53  Hellbat  
  59  8:08  Marine x2  
  49  8:21  Thor  
  49  8:25  SCV x2  
  49  8:26  Marine  
  58  8:31  Missile Turret  
  58  8:37  Missile Turret  
  58  8:43  Hellbat  
  58  8:47  Missile Turret  
  60  8:49  SCV x2  
  62  8:59  Orbital Command  
  62  9:01  Marauder  
  64  9:16  Hellbat  
  68  9:17  Hellbat  
  68  9:23  Marine x2  
  70  9:28  SCV  
  71  9:32  SCV x2  
  73  9:40  SCV  
  73  9:44  SCV x2  
  59  10:09  Marine x2  
  59  10:11  Widow Mine x2  
  51  10:21  Siege Tank  
  51  10:27  Marine x2  
  54  10:45  Marine x2  
  54  10:48  Hellbat x2  
  48  11:02  Marine  
  48  11:03  Marine  
  45  11:05  Barracks  
  45  11:07  Barracks  
  43  11:13  Siege Tank  
  46  11:20  Supply Depot, Marine  
  46  11:21  Marine  
  54  11:43  Supply Depot  
Show
View Real Time Build Order
Export as new Build Order

Michael Zerg 

Build Orders: Hatch First 

Get SALT Encoding   

  12  0:00  Drone  
  13  0:12  Overlord  
  13  0:18  Drone  
  14  0:31  Drone x2  
  14  0:34  Drone  
  17  0:40  Extractor  
  16  0:45  Drone  
  17  0:56  Drone  
  18  1:06  Drone  
  19  1:12  Hatchery  
  18  1:23  Spawning Pool  
  17  1:27  Drone  
  18  1:33  Drone  
  18  1:40  Drone  
  19  1:49  Drone  
  20  2:00  Overlord  
  20  2:10  Queen  
  20  2:11  Metabolic Boost  
  22  2:19  Zergling x2  
  23  2:23  Zergling x2  
  24  2:31  Roach Warren  
  24  2:34  Queen  
  24  2:35  Drone  
  26  2:39  Drone  
  26  2:42  Drone  
  28  2:48  Zergling x2  
  28  2:49  Zergling x2  
  28  3:07  Zergling x6, Spine Crawler  
  29  3:19  Queen  
  31  3:28  Drone x3  
  31  3:30  Drone  
  31  3:33  Drone  
  34  4:13  Lair  
  34  4:14  Overlord x2  
  33  4:18  Extractor, Overlord  
  33  4:21  Evolution Chamber  
  33  4:23  Drone  
  32  4:24  Drone x4  
  34  4:37  Drone  
  34  4:38  Drone x5  
  39  4:53  Zerg Ground Armor Level 1  
  39  4:54  Drone  
  39  4:55  Drone  
  41  5:02  Roach x3  
  41  5:03  Roach  
  49  5:09  Queen  
  51  5:15  Drone x2  
  51  5:16  Drone  
  51  5:18  Extractor  
  51  5:20  Extractor  
  52  5:27  Spire  
  51  5:29  Glial Reconstitution  
  51  5:31  Drone  
  51  5:33  Drone  
  53  5:35  Drone  
  54  5:49  Hatchery  
  53  6:02  Roach x5  
  57  6:14  Roach  
  57  6:15  Overlord x2  
  59  6:27  Drone  
  59  6:28  Spine Crawler  
  59  6:30  Drone  
  59  6:31  Overlord x2  
  60  6:38  Roach  
  60  6:39  Roach x2  
  66  7:04  Drone x7  
  66  7:05  Drone  
  74  7:21  Overseer x2  
  74  7:22  Overseer  
  74  7:23  Zerg Missile Weapons Level 1  
  74  7:28  Hydralisk Den  
  73  7:30  Spore Crawler  
  73  7:31  Spore Crawler  
  71  7:37  Infestation Pit  
  70  7:44  Spore Crawler  
  70  7:45  Drone  
  70  7:46  Drone x3, Spore Crawler x2  
  71  8:03  Hydralisk x3  
  71  8:04  Hydralisk x2  
  75  8:13  Hydralisk  
  75  8:14  Hydralisk x2  
  77  8:30  Hydralisk  
  77  8:31  Hydralisk x4  
  87  8:34  Muscular Augments  
  87  8:44  Drone x3, Spore Crawler  
  87  8:45  Spore Crawler  
  88  8:48  Spore Crawler  
  88  8:51  Drone x2  
  89  8:57  Hydralisk x2  
  93  9:06  Hydralisk  
  93  9:07  Hydralisk  
  93  9:09  Overlord  
  97  9:10  Overlord  
  97  9:14  Overseer x2  
  97  9:20  Hive  
  63  9:53  Hydralisk x11  
  63  9:57  Hydralisk  
  81  10:07  Mutalisk x3  
  81  10:08  Mutalisk  
  81  10:11  Mutalisk  
  91  10:18  Hydralisk  
  91  10:19  Hydralisk  
  75  10:36  Hydralisk x5  
  71  10:44  Hydralisk  
  71  10:45  Hydralisk x2  
  75  10:57  Hydralisk x3  
  75  11:02  Hydralisk  
  69  11:12  Mutalisk x2  
  67  11:22  Mutalisk  
Show
View Real Time Build Order
Export as new Build Order

Morgoth Zerg 

Build Orders: Pool First 

Get SALT Encoding   

  12  0:02  Drone  
  13  0:16  Overlord  
  13  0:25  Drone  
  14  0:36  Drone x2  
  16  0:46  Spawning Pool  
  16  0:49  Extractor, Drone  
  15  0:54  Drone  
  16  1:02  Drone  
  17  1:11  Drone  
  18  1:33  Hatchery  
  18  1:34  Zergling x4  
  19  1:43  Queen  
  21  1:50  Overlord  
  21  2:10  Drone  
  21  2:11  Drone  
  23  2:22  Queen  
  25  2:24  Drone  
  26  2:30  Zergling x2  
  26  2:35  Overlord  
  27  2:57  Zergling x4  
  27  2:58  Zergling x8  
  33  3:02  Queen  
  32  3:20  Drone  
  32  3:21  Drone x3  
  36  3:33  Hatchery, Metabolic Boost  
  35  3:52  Zergling x12  
  35  3:53  Zergling x2  
  36  4:04  Queen  
  32  4:17  Zergling x10  
  34  4:35  Roach Warren  
  22  4:56  Queen  
  24  5:02  Drone x3  
  24  5:05  Drone  
  28  5:13  Extractor, Drone  
  28  5:14  Drone x2  
  30  5:33  Hatchery  
  29  5:46  Roach x5  
  39  6:03  Drone x5  
  44  6:13  Lair  
  44  6:17  Overlord  
  44  6:23  Overlord  
  44  6:39  Roach  
  48  6:40  Roach x3  
  48  6:45  Drone x2  
  54  6:50  Drone  
  55  6:56  Queen  
  57  7:13  Roach x4  
  57  7:15  Overlord  
  65  7:18  Overlord  
  65  7:34  Overlord  
  65  7:36  Ravager x4  
  71  7:37  Ravager x5  
  71  7:41  Drone x4  
  78  7:53  Drone x5  
  74  8:18  Roach x2  
  74  8:19  Roach x6  
  90  8:26  Overseer  
  90  8:28  Overlord x2  
  90  8:30  Overlord  
  90  8:42  Extractor  
  90  8:43  Extractor  
  90  8:45  Extractor  
  90  8:46  Extractor, Drone x4  
  90  8:47  Drone x3  
  93  9:06  Spore Crawler  
  92  9:17  Drone  
  92  9:18  Drone x12  
  105  9:24  Glial Reconstitution  
  105  9:25  Evolution Chamber  
  105  9:26  Evolution Chamber  
  103  9:33  Overlord x2  
  103  9:34  Overlord  
  103  9:57  Roach x10  
  103  9:58  Roach  
  125  10:03  Drone x4  
  92  11:04  Roach  
  92  11:05  Roach x14  
  104  11:35  Hatchery  
  100  11:46  Hydralisk Den  
Show
View Real Time Build Order
Export as new Build Order

EquinsuOcha Zerg 

Build Orders: Hatch First 

Get SALT Encoding   

  12  0:01  Drone  
  13  0:13  Overlord  
  13  0:18  Drone  
  14  0:31  Drone x2  
  16  0:52  Hatchery  
  16  0:54  Drone  
  16  0:58  Drone  
  16  1:00  Drone  
  18  1:12  Extractor  
  18  1:18  Spawning Pool  
  16  1:20  Drone  
  16  1:25  Drone  
  18  1:29  Drone  
  19  1:43  Overlord  
  19  2:04  Zergling x4  
  19  2:05  Zergling x2  
  19  2:06  Queen  
  24  2:10  Queen  
  26  2:16  Drone  
  26  2:17  Drone  
  26  2:22  Drone  
  29  2:25  Drone  
  30  2:37  Drone x2  
  30  2:38  Metabolic Boost  
  31  3:03  Drone x2, Hatchery  
  31  3:13  Drone x4  
  31  3:17  Drone  
  35  3:23  Zergling x2  
  35  3:26  Overlord  
  36  3:27  Overlord  
  36  3:40  Baneling Nest  
  35  3:41  Zergling x2  
  35  3:46  Zergling x2  
  35  3:47  Zergling x8  
  41  3:56  Zergling x12  
  46  4:10  Zergling x6  
  49  4:20  Zergling x4  
  47  4:30  Zergling x12  
  45  4:40  Zergling x2  
  45  4:41  Zergling x8  
  45  4:43  Pneumatized Carapace  
  45  4:45  Spine Crawler  
  49  4:46  Zergling x2  
  49  4:48  Baneling x4  
  49  4:52  Zergling x4  
  52  4:58  Baneling  
  52  5:00  Extractor  
  51  5:07  Drone x7  
  58  5:14  Overlord x2  
  58  5:17  Overlord  
  58  5:38  Evolution Chamber  
  57  5:47  Roach Warren  
  57  5:49  Extractor x2  
  54  5:54  Drone x14  
  66  6:05  Overlord x2  
  66  6:07  Zerg Missile Weapons Level 1  
  66  6:09  Drone  
  67  6:22  Lair  
  67  6:28  Roach x4  
  67  6:32  Drone x2  
  77  6:35  Drone x3  
  80  6:43  Drone  
  80  6:44  Drone x4  
  80  6:45  Drone  
  86  6:49  Roach  
  86  6:50  Roach  
  86  6:52  Roach  
  92  6:55  Overlord  
  92  7:00  Overlord  
  92  7:02  Queen  
  92  7:08  Roach x2  
  98  7:18  Spore Crawler  
  98  7:21  Spore Crawler  
  98  7:22  Spore Crawler  
  95  7:27  Spire  
  94  7:33  Drone  
  94  7:34  Drone x8  
  94  7:36  Extractor  
  102  7:38  Glial Reconstitution  
  102  7:39  Extractor  
  102  7:42  Roach x4  
  92  7:59  Roach x6  
  100  8:08  Roach x4  
  106  8:13  Overlord x2  
  106  8:25  Zerg Missile Weapons Level 2  
  106  8:29  Overlord  
  106  8:30  Overlord x4  
  106  8:31  Overseer  
  106  8:32  Overseer  
  106  8:35  Overlord  
  106  8:39  Zerg Flyer Weapons Level 1  
  106  8:50  Roach x5  
  106  8:53  Overseer  
  106  8:55  Roach x2  
  120  8:59  Overlord  
  120  9:00  Overlord  
  120  9:03  Hatchery  
  119  9:17  Roach x8  
  119  9:18  Roach  
  137  9:28  Mutalisk x3  
  137  9:29  Mutalisk x2  
  147  9:42  Roach  
  121  9:57  Mutalisk  
  121  9:58  Mutalisk x5  
  131  10:07  Mutalisk x2  
  129  10:19  Roach x2  
  129  10:20  Roach x6  
  145  10:26  Mutalisk  
  143  10:55  Mutalisk x4  
  147  11:10  Mutalisk  
  147  11:11  Mutalisk x2  
  143  11:21  Mutalisk  
  143  11:23  Zergling x14  
  150  11:35  Drone  
Tags
 
Add a new tag
Caveats
  • Supply blocks, unpowered buildings, or Contaminate may cause inaccurate times.
  • Supply counts are checked every 10 seconds.